 Dungeon Crawl Stone Soup version 0.24-a0-381-g637bb3806f (webtiles) character file.

Game seed: 1158826043705193205

2213 Amnesiac the Transmogrifier (level 9, -4/53 HPs)
             Began as an Octopode Transmuter on June 3, 2019.
             Was an Initiate of Gozag.
             Slain by a warg (16 damage)
             ... on level 8 of the Dungeon.
             The game lasted 00:17:14 (7038 turns).

Amnesiac the Transmogrifier (Octopode Transmuter)   Turns: 7038, Time: 00:17:14

Health: -4/53      AC:  8    Str:  9    XL:     9   Next: 35%
Magic:  5/12       EV: 14    Int: 19    God:    Gozag
Gold:   981        SH:  0    Dex: 16    Spells: 2/12 levels left

rFire    . . .     SeeInvis .     - Unarmed
rCold    . . .     Gourm    .   (no shield)
rNeg     + . .     Faith    .   (helmet restricted)
rPois    .         Spirit   .   e - amulet of rage
rElec    .         Reflect  .   p - +4 ring of protection
rCorr    .         Harm     .   s - +4 ring of intelligence
MR       +....                  k - +3 ring of protection
Stlth    +++++.....             w - ring of protection from magic
HPRegen  0.17/turn              r - ring of positive energy
MPRegen  0.13/turn              (no ring)
                                (no ring)
                                (no ring)

@: no status effects
A: almost no armour, stealthy swim, amphibious, 8 rings, constrict 8, camouflage
1, gelatinous body 1
a: Potion Petition, Call Merchant, Bribe Branch, Renounce Religion, Evoke
Berserk Rage


You were on level 8 of the Dungeon.
You worshipped Gozag.
Gozag was pleased with you.
You were not hungry.

You visited 2 branches of the dungeon, and saw 9 of its levels.

You collected 1017 gold pieces.
You paid 36 gold pieces to Gozag.

Inventory:

Missiles
 a - 98 arrows
Jewellery
 e - an amulet of rage (around mantle)
 k - a +3 ring of protection (on tentacle)
 o - an uncursed ring of ice
 p - a +4 ring of protection (left tentacle)
 q - a +4 amulet of reflection
 r - a ring of positive energy (on tentacle)
 s - a +4 ring of intelligence (right tentacle)
 w - a ring of protection from magic (on tentacle)
Wands
 v - a wand of acid (13)
 B - a wand of digging (4)
Scrolls
 f - 4 scrolls of remove curse {!r}
 g - 4 scrolls of teleportation {!r}
 h - 5 scrolls of amnesia {!r}
 i - a scroll of fear {!r}
 u - 2 scrolls of enchant armour {!r}
 x - 2 scrolls of identify {!r}
 y - a scroll of fog {!r}
 z - a scroll of blinking {!r}
Potions
 b - 3 potions of curing {!q}
 d - 3 potions of lignification {!q}
 j - a potion of might {!q}
 l - a potion of agility {!q}
 m - 4 potions of flight {!q}
 n - a potion of invisibility {!q}
 t - a potion of mutation {!q}
 A - 2 potions of haste {!q}
Comestibles
 c - 12 rations


   Skills:
 - Level 1.0 Fighting
 - Level 2.0 Dodging
 + Level 7.6 Stealth
 * Level 8.0 Unarmed Combat
 - Level 2.0 Spellcasting
 * Level 8.0 Transmutations
 + Level 1.1 Evocations


You had 2 spell levels left.
You knew the following spells:

 Your Spells              Type           Power        Failure   Level  Hunger
a - Spider Form           Tmut/Pois      ###.......   10%         3    ###....
b - Sticks to Snakes      Tmut           ####....     1%          2    ###....
c - Blade Hands           Tmut           ####......   17%         5    ######.

Your spell library contained the following spells:

 Spells                   Type           Power        Failure   Level  Hunger
 Beastly Appendage        Tmut           ####..       1%          1    #......
 Corona                   Hex            #......      17%         1    #......
 Ensorcelled Hibernation  Hex/Ice        #.....       26%         2    ###....
 Ice Form                 Ice/Tmut       ###.....     32%         4    #####..
 Confuse                  Hex            #.......     45%         3    ###....
 Dazzling Spray           Conj/Hex       #.....       45%         3    ###....
 Tukima's Dance           Hex            #.......     45%         3    ###....


Dungeon Overview and Level Annotations

Branches:
Dungeon (8/15)             Temple (1/1) D:4
   Lair: D:8-11

Altars:
Ashenzari
Cheibriados
Dithmenos
Elyvilon
Fedhas
Gozag
Hepliaklqana
Kikubaaqudgha
Makhleb
Nemelex Xobeh
Okawaru
Qazlal
Ru
Sif Muna
Uskayaw
Vehumet
Wu Jian
Xom
Zin
The Shining One

Annotations:
D:3 2 transporters
D:8 MisterOstroum's ghost, novice TrMo


Innate Abilities, Weirdness & Mutations

You cannot wear most types of armour.
You are very stealthy in the water. (Stealth+)
You are amphibious.
You can wear up to eight rings at the same time.
You can use your tentacles to constrict eight enemies at once.
Your skin changes colour to match your surroundings (Stealth+).
Your rubbery body absorbs attacks. (AC +1, EV +1)


Message History

You hear a shout!
An orc comes into view.
The leopard gecko misses you.
You barely miss the orc. The leopard gecko closely misses you.
The orc hits you.
You barely miss the orc. The leopard gecko misses you.
The orc hits you but does no damage.
You tentacle-slap the orc.
The orc is heavily wounded.
The leopard gecko barely misses you. The orc completely misses you.
The leopard gecko misses you.
You bludgeon the orc!
You kill the orc!
You tentacle-slap the orc priest.
The orc priest is moderately wounded.
The leopard gecko bites you.
* * * LOW HITPOINT WARNING * * *
The orc priest hits you but does no damage.
A warg comes into view.
The warg howls!
You bludgeon the orc priest! You grab the orc priest.
You squeeze the orc priest.
You kill the orc priest!
The leopard gecko closely misses you. The leopard gecko bites you.
* * * LOW HITPOINT WARNING * * *
You miss the leopard gecko. You squeeze the leopard gecko.
You kill the leopard gecko!
Casting: Spider Form (safe; 10% risk of failure)
Confirm with . or Enter, or press ? or * to list all spells.
You create 2 snakes!
You now have 101 arrows.
An orc comes into view.
Casting: Sticks to Snakes (safe; 1% risk of failure)
Confirm with . or Enter, or press ? or * to list all spells.
You create a snake!
You now have 100 arrows.
The warg closely misses your ball python.
The warg bites your ball python!
Your ball python dies!
Casting: Sticks to Snakes (safe; 1% risk of failure)
Confirm with . or Enter, or press ? or * to list all spells.
You create a snake!
You now have 99 arrows.
The warg bites your adder but does no damage.
The warg bites your adder!
Your adder dies!
Casting: Sticks to Snakes (safe; 1% risk of failure)
Confirm with . or Enter, or press ? or * to list all spells.
You create a snake!
You now have 98 arrows.
The orc completely misses your ball python.
You closely miss the warg. The warg barely misses you.
The orc closely misses your ball python.
You closely miss the warg. The warg misses you.
The orc closely misses your ball python.
You closely miss the warg.
The warg is lightly wounded.
The warg bites you.
* * * LOW HITPOINT WARNING * * *
The warg bites you!
* * * LOW HITPOINT WARNING * * *
The orc misses your ball python. The warg misses you.
The orc closely misses your ball python.
You closely miss the warg.
The warg is lightly wounded.
The warg bites you!
You die...
Your body crumbles into a pile of gold.

. #...###...##
#.....
..#....##.$$# ....
.......##$.# ...
....>......#$####..
..... #...........#
#... ##..#...###..$
#...##...##.###
#....##..#....#
#....##@..#....
#....Sh..##......
....##S#####.....#
. #o$# .....# ...#
....# .....#
.....## ...####


You could see a warg, an orc, a friendly water moccasin and a friendly ball
python.

Vanquished Creatures
  A wyvern (D:5)
  Menkaure (D:4)
  A warg (D:8)
  A necrophage (D:6)
  A phantom (D:7)
  3 ogres
  2 big kobolds (D:8)
  3 bullfrogs
  A scorpion (D:5)
  3 killer bees (D:5)
  A howler monkey (D:6)
  3 crimson imps
  A bullfrog zombie (D:5)
  2 hounds
  A jelly (D:7)
  4 orc priests
  3 orc wizards
  2 bullfrog skeletons
  3 worker ants
  A worker ant zombie (D:8)
  A gnoll (D:2)
  7 adders
  A shadow imp (D:5)
  An ooze (D:3)
  2 adder zombies (D:5)
  4 worms
  5 dart slugs
  9 leopard geckos
  25 orcs
  2 ball pythons
  5 bats
  5 giant cockroaches
  8 goblins
  14 hobgoblins
  15 jackals
  12 kobolds
  5 quokkas
  12 frilled lizards
  6 rats
177 creatures vanquished.

Vanquished Creatures (collateral kills)
  An orc priest (D:4)
  Natasha (D:3)
  A worker ant (D:4)
  2 gnolls (D:2)
  An adder (D:2)
  A butterfly (D:4)
7 creatures vanquished.

Grand Total: 184 creatures vanquished

Notes
Turn   | Place    | Note
-------+----------+-------------------------------------------
     0 | D:1      | Amnesiac the Octopode Transmuter began the quest for the
                  | Orb.
     0 | D:1      | Reached XP level 1. HP: 13/13 MP: 3/3
   139 | D:1      | Reached XP level 2. HP: 13/18 MP: 5/5
   450 | D:3      | Reached XP level 3. HP: 22/23 MP: 6/6
   454 | D:3      | Reached skill level 1 in Stealth
   462 | D:3      | Learned a level 2 spell: Sticks to Snakes
   466 | D:3      | Learned a level 3 spell: Spider Form
   843 | D:4      | Reached XP level 4. HP: 28/28 MP: 5/7
   867 | D:4      | Found a staircase to the Ecumenical Temple.
   883 | Temple   | Entered the Ecumenical Temple
  1420 | D:4      | Reached XP level 5. HP: 14/33 MP: 2/8
  1940 | D:3      | Found a transporter.
  2259 | D:4      | Found a blossoming altar of Fedhas.
  2289 | D:4      | Reached XP level 6. HP: 30/38 MP: 6/9
  2612 | Temple   | Became a worshipper of Gozag Ym Sagoz the Greedy
  2689 | D:3      | Noticed Natasha
  2698 | D:3      | Killed Natasha
  2739 | D:3      | Found a transporter.
  3337 | D:2      | Found a white marble altar of Elyvilon.
  3532 | D:2      | Reached skill level 5 in Transmutations
  3649 | D:2      | Reached skill level 5 in Unarmed Combat
  4248 | D:4      | Reached XP level 7. HP: 43/43 MP: 10/10
  4262 | D:4      | Learned a level 5 spell: Blade Hands
  4416 | D:4      | Noticed Menkaure
  4427 | D:4      | Killed Menkaure
  5020 | D:5      | Entered Level 5 of the Dungeon
  5020 | D:5      | Noticed a wyvern
  5025 | D:5      | Killed a wyvern
  5025 | D:5      | Reached skill level 5 in Stealth
  5051 | D:5      | Reached XP level 8. HP: 46/48 MP: 11/11
  5410 | D:5      | Found a shattered altar of Ashenzari.
  5726 | D:6      | Found an iron altar of Okawaru.
  6302 | D:7      | Reached XP level 9. HP: 42/53 MP: 12/12
  6797 | D:8      | Noticed MisterOstroum's ghost (novice TrMo)
  6968 | D:8      | Reached skill level 1 in Evocations
  7038 | D:8      | Slain by a warg

Levels and vault maps discovered:
D:1:      dpeg_arrival_radiant, layout_rooms
D:2:      layout_basic, first_ration, interstate_on_off, st_stairs_5,
          elyvilon_altar_5
D:3:      gammafunk_steamed_eel, layout_loops_cross, minmay_cupped, uniq_natasha
D:4:      layout_layer_cave, minmay_temple_entry_butterflies, fedhas_altar_3,
          uniq_menkaure
D:5:      layout_rooms, cheibrodos_ashenzari_chains, serial_rivers,
          chequers_serial_rivers_micro_d, chequers_serial_rivers_micro_a,
          chequers_serial_rivers_room_b, chequers_serial_rivers_room_a
D:6:      layout_loops_ring, okawaru_ov_weapons_minmay, nicolae_lava_and_water
D:7:      layout_layer_cave
D:8:      layout_cave_pools, erik_lair_orcish_takeover, gammafunk_ghost_split,
          blue_anna_alchemist [blue_anna_fruit_fields, blue_anna_fruit_fields]
Temple:   regret_index_temple_mists

Skill      XL: |  1  2  3  4  5  6  7  8  9 |
---------------+----------------------------+-----
Transmutations | 3 4 5 6 7 8 |  8.0
Stealth        | 1 2 3 4 5 7 |  7.6
Unarmed Combat | 4 5 6 7 8 |  8.0
Evocations     | 1 |  1.1
Fighting       | |  1.0
Dodging        | |  2.0
Spellcasting   | |  2.0

Action                   |  1- 3 |  4- 6 |  7- 9 || total
-------------------------+-------+-------+-------++-------
Melee: Unarmed           |    87 |   214 |   222 ||   523
       Constrict         |    20 |    46 |    32 ||    98
       Tentacles         |    14 |    25 |    44 ||    83
       Punch             |       |     3 |    14 ||    17
 Cast: Sticks to Snakes  |     1 |    14 |    14 ||    29
       Spider Form       |       |     6 |     2 ||     8
Invok: Potion Petition   |       |       |     1 ||     1
  Use: Scroll            |     5 |     4 |     4 ||    13
       Potion            |     1 |     4 |     4 ||     9
 Stab: Sleeping          |     9 |     4 |    16 ||    29
       Distracted        |       |     2 |     6 ||     8
  Eat: Chunk             |       |     7 |       ||     7
       Ration            |       |     2 |     3 ||     5
Armor: Skin              |     4 |    34 |    41 ||    79
Dodge: Dodged            |    53 |   139 |   119 ||   311
Block: Other             |       |     7 |    22 ||    29
       Reflection        |       |     1 |       ||     1

Table legend:
 A = Non-vault XP
 B = Vault XP
 C = Vault XP percentage of total XP
 D = Non-vault monster count
 E = Vault monster count
 F = Vault count percentage of total count
                 A         B        C        D         E       F
            +---------+---------+-------+---------+---------+-------
      Total |    2789 |     373 |  11.8 |     175 |       8 |   4.4
            +---------+---------+-------+---------+---------+-------
        D:1 |      60 |       0 |   0.0 |      29 |       0 |   0.0
        D:2 |     110 |      18 |  14.1 |      30 |       4 |  11.8
        D:3 |     142 |      21 |  12.9 |      29 |       2 |   6.5
        D:4 |     371 |     183 |  33.0 |      23 |       1 |   4.2
        D:5 |     792 |       0 |   0.0 |      24 |       0 |   0.0
        D:6 |     358 |       0 |   0.0 |       9 |       0 |   0.0
        D:7 |     661 |       0 |   0.0 |      18 |       0 |   0.0
        D:8 |     295 |     151 |  33.9 |      13 |       1 |   7.1
            +---------+---------+-------+---------+---------+-------
